 Dungeon Crawl Stone Soup version 0.27.1-34-g3ba077fa99 (webtiles) character file.

Game seed: 13771365900992834255

12 Cykl0x the Slasher (level 2, -1/18 HPs)
             Began as a Gargoyle Gladiator on Jan 21, 2022.
             Frozen to death by an endoplasm (5 damage)
             ... on level 1 of the Dungeon.
             The game lasted 00:00:27 (153 turns).

Cykl0x the Slasher (Gargoyle Gladiator)              Turns: 153, Time: 00:00:27

Health: -1/18      AC:  6    Str: 17    XL:     2   Next: 33%
Magic:  2/2        EV: 12    Int:  8    God:
Gold:   0          SH:  0    Dex: 11    Spells: 1/1 levels left

rFire    . . .     SeeInvis .   a - +0 long sword
rCold    . . .     Faith    .   (no shield)
rNeg     + . .     Spirit   .   b - +0 leather armour
rPois    ∞         Reflect  .   c - +0 helmet
rElec    +         Harm     .   (no cloak)
rCorr    .         Rampage  .   (no gloves)
Will     .....                  (no boots)
Stlth    +.........             (no amulet)
HPRegen  0.06/turn              (no ring)
MPRegen  0.08/turn              (no ring)

@: no status effects
A: sickness immunity, AC +2, negative energy resistance 1, electricity
resistance, torment resistance 1, petrification resistance
a: no special abilities


You were on level 1 of the Dungeon.
You visited 1 branch of the dungeon, and saw 1 of its levels.

Inventory:

Hand Weapons
 a - a +0 long sword (weapon)
Missiles
 d - 3 throwing nets
Armour
 b - a +0 leather armour (worn)
 c - a +0 helmet (worn)
Scrolls
 e - a scroll of identify {unknown}


   Skills:
 + Level 2.3 Fighting
 + Level 2.9 Long Blades
 + Level 1.8 Throwing
 * Level 0.8 Armour
 + Level 2.5 Dodging


You had one spell level left.
You didn't know any spells.
Your spell library was empty.

Dungeon Overview and Level Annotations

Branches:
Dungeon (1/15)

Altars:


Innate Abilities, Weirdness & Mutations

You are immune to sickness and miasma.
Your stone body is resilient. (AC +2)
You are immune to poison.
You resist negative energy. (rN+)
You are resistant to electric shocks. (rElec)
You are resistant to unholy torment.
You are immune to petrification.


Message History

The goblin misses you.
The goblin hits you with a +0 dagger of venom.
The goblin hits you with a +0 club.
* * * LOW HITPOINT WARNING * * *
The goblin barely misses you.
You riposte.
You hit the goblin.
You kill the goblin!
You have reached level 2!
Press: ? - help, v - describe, . - travel, g - get item
Items here: a +0 dagger of venom; a +0 club.
The floor.
The goblin hits you but does no damage. The giant cockroach barely misses you.
Things that are here:
a hobgoblin corpse; a hobgoblin corpse The giant cockroach bites you but does no damage.
You hit the giant cockroach.
The giant cockroach is moderately wounded.
The giant cockroach bites you.
* * * LOW HITPOINT WARNING * * *
You hit the giant cockroach but do no damage.
The giant cockroach is moderately wounded.
The giant cockroach closely misses you.
The giant cockroach bites you but does no damage.
You hit the giant cockroach.
The giant cockroach is heavily wounded.
The giant cockroach completely misses you.
You riposte.
You hit the giant cockroach.
You kill the giant cockroach!
You slash the goblin!
You kill the goblin!
The dart slug barely misses you.
You riposte.
You slash the dart slug!
The dart slug is almost dead.
Items here: ) †††.
Unknown command.
You slash the dart slug!
You kill the dart slug!
You hit the endoplasm but do no damage. The endoplasm freezes you.
You are frozen.
You die...

#..........#
#..........#
#..........#
#####.....##
####.#.###
#....#.##
#.#.....# #
#J#...#
#@#...#
#.##### #.#
#.#####'#####
#...........#
######......#
#......#
#......#
#...†..#


You could see an endoplasm.

Vanquished Creatures
  A dart slug (D:1)
  A giant cockroach (D:1)
  3 goblins (D:1)
  3 hobgoblins (D:1)
  A rat (D:1)
9 creatures vanquished.

Notes
Turn   | Place    | Note
-------+----------+-------------------------------------------
     0 | D:1      | Cykl0x the Gargoyle Gladiator began the quest for the Orb.
     0 | D:1      | Reached XP level 1. HP: 12/12 MP: 1/1
   138 | D:1      | Reached XP level 2. HP: 4/18 MP: 2/2
   153 | D:1      | Frozen to death by an endoplasm

Illustrated notes

Levels and vault maps discovered:
D:1:      saegor_arrival_simple_a, layout_basic,
          dreamdust_ecumenical_altar_grove, chequers_garden, minmay_heptomino_h4

Action                   || total
-------------------------++-------
Melee: Long sword        ||    17
Armor: Leather armour    ||     6
Dodge: Dodged            ||    10
       Rpst.: Long sword ||     7
